 Dungeon Crawl Stone Soup version 0.19-a0-1195-ge0bab27 (webtiles) character file.

3261 DerBasler the Grappler (level 9, -5/87 HPs)
             Began as a Troll Monk on Aug 19, 2016.
             Was a Priest of Uskayaw.
             Slain by a chaos spawn (13 damage)
             ... on level 1 of the Abyss.
             The game lasted 00:09:14 (5603 turns).

DerBasler the Grappler (Troll Monk)                 Turns: 5603, Time: 00:09:14

Health: -5/87      AC:  6    Str: 21    XL:     9   Next: 68%
Magic:  0/17       EV: 14    Int:  6    God:    Uskayaw [***...]
Gold:   435        SH:  0    Dex: 19    Spells: 0 memorised, 8 levels left

rFire  . . .     SeeInvis .       - Unarmed
rCold  . . .     Gourm    +     a - +1 robe
rNeg   + . .     Faith    .     (no shield)
rPois  .         Spirit   +     (helmet restricted)
rElec  .         Dismiss  .     (no cloak)
rCorr  .         Reflect  .     (gloves unavailable)
MR     .....     Harm     .     (boots unavailable)
Stlth  ++........               z - amulet "Qohaacw" {Spirit rN+ Dex+4}
                                (no ring)
                                l - ring of magical power

@: weakened
A: unfitting armour, claws 3, blink, fast metabolism 3, gourmand, regeneration
1, shaggy fur 1, tough skin 2
a: Blink, Stomp, Line Pass, Renounce Religion


You were on level 1 of the Abyss.
You worshipped Uskayaw.
Uskayaw was noncommittal.
You were hungry.

You visited 2 branches of the dungeon, and saw 9 of its levels.
You visited the Abyss 1 time.

You collected 435 gold pieces.

Inventory:

Armour
 a - a +1 robe (worn)
Jewellery
 l - a ring of magical power (left claw)
 s - an uncursed ring of ice {unknown}
 z - the amulet "Qohaacw" (around neck) {Spirit rN+ Dex+4}
   (You found it on level 1 of the Abyss)

   [amulet of guardian spirit]

   It causes incoming damage to be split between your health and magic.
   It affects your dexterity (+4).
   It protects you from negative energy.
Wands
 u - a wand of polymorph (4/24)
 w - a wand of lightning (3/15)
 y - a wand of flame (20/48)
Scrolls
 h - 2 scrolls of fear
 o - a scroll of fog
 p - 4 scrolls of teleportation
 q - 4 scrolls of identify
 r - a scroll of noise {unknown}
 v - a scroll of amnesia {unknown}
 x - a scroll of enchant weapon
Potions
 c - a potion of brilliance {unknown}
 d - a potion of magic {unknown}
 e - 2 potions of resistance
 i - a potion of might {unknown}
 j - a potion of flight
 k - a potion of degeneration {unknown}
 m - a potion of haste {unknown}
 n - a potion of curing
Comestibles
 b - 8 bread rations
 f - 3 beef jerkies
 g - 3 fruits
 t - a meat ration


   Skills:
 + Level 4.9 Fighting
 - Level 6.1 Dodging
 - Level 1.1 Stealth
 - Level 11.1 Unarmed Combat


You had 8 spell levels left.
You didn't know any spells.

Dungeon Overview and Level Annotations

Branches:
Dungeon (8/15)             Temple (1/1) D:4
   Lair: D:8-11

Altars:
Ashenzari
Cheibriados
Dithmenos
Elyvilon
Fedhas
Gozag
Kikubaaqudgha
Nemelex Xobeh
Okawaru
Qazlal
Sif Muna
Trog
Uskayaw
Vehumet
Xom
Yredelemnul
Zin

Annotations:
D:8 Psyche


Innate Abilities, Weirdness & Mutations

You are too large for most types of armour.
You have claws for hands.
Your metabolism is lightning-fast.
You like to eat raw meat.
Your natural rate of healing is unusually fast.
You are covered in fur. (AC +1)
You have very tough skin. (AC +2)
You can translocate small distances at will.


Message History

Your Fighting skill increases to level 4!
Uskayaw will force your foes to helplessly watch your dance.
Uskayaw prepares the audience for your solo!
The helpless cacodemon fails to defend itself.
You claw the cacodemon!
The cacodemon is lightly wounded.
The cacodemon is no longer paralysed.
The small abomination is no longer paralysed.
The chaos spawn is no longer paralysed.
The cacodemon hits you! x2
* * * LOW HITPOINT WARNING * * *
A ynoxinul comes into view.
You claw the cacodemon!
The cacodemon is moderately wounded.
The chaos spawn gores you!
* * * LOW HITPOINT WARNING * * *
The cacodemon hits you but does no damage.
The cacodemon hits you.
* * * LOW HITPOINT WARNING * * *
The chaos spawn gores you!
You die...

.. ... #. ..##.. #
## ..#.# #. ##.##
....##
#..#...##.....# #
#........#.#.# #.
#.##..@#.....# .
#..#.4....#
#.##.#..#.#2#.x...
##.#.#....#..# ..#
## #....3.#..... .
#.. ..##..##.#...#
###..
.....####..2.
#..##..ยง#. ..#. #
.#..## .# ##..#


You could see a cacodemon, a chaos spawn and a small abomination.

Vanquished Creatures
  Joseph (D:7)
  An orange demon (Abyss:1)
  A phantom (D:6)
  3 ice beasts
  A sky beast (D:7)
  4 ogres
  3 big kobolds
  4 giant frogs
  A gnoll sergeant (D:7)
  4 killer bees (D:7)
  3 crimson imps (D:7)
  A centaur zombie (D:6)
  5 hounds
  2 jellies
  A giant frog skeleton (D:4)
  3 orc priests
  7 orc wizards
  7 worker ants
  An iguana (D:5)
  A worker ant zombie (D:8)
  9 gnolls
  4 adders
  A shadow imp (D:5)
  An adder zombie (D:7)
  An adder skeleton (D:4)
  A worm (D:3)
  3 giant geckos
  27 orcs
  3 giant cockroaches
  14 goblins
  6 hobgoblins
  9 jackals
  A ball python (D:4)
  5 bats
  A giant gecko skeleton (D:5)
  3 giant newts
  16 kobolds
  8 rats
167 creatures vanquished.

Notes
Turn   | Place    | Note
-------+----------+-------------------------------------------
     0 | D:1      | DerBasler the Troll Monk began the quest for the Orb.
     0 | D:1      | Reached XP level 1. HP: 22/22 MP: 0/0
   167 | D:1      | Reached XP level 2. HP: 29/29 MP: 1/1
   245 | D:1      | Reached skill level 4 in Unarmed Combat
   654 | D:2      | Reached XP level 3. HP: 33/36 MP: 2/2
   979 | D:2      | Found a stormy altar of Qazlal.
  1100 | D:2      | Reached XP level 4. HP: 44/44 MP: 3/3
  1119 | D:2      | You fall through a shaft!
  1129 | D:3      | Reached skill level 5 in Unarmed Combat
  1148 | D:3      | HP: 2/44 [gnoll/spear (6)]
  1158 | D:3      | HP: 1/44 [orc/enchanted mace (11)]
  1163 | D:3      | Found a faded altar of an unknown god.
  1371 | D:3      | Found a shattered altar of Ashenzari.
  1493 | D:3      | Reached skill level 6 in Unarmed Combat
  1493 | D:3      | Reached XP level 5. HP: 50/50 MP: 4/4
  1725 | D:4      | Reached XP level 6. HP: 35/59 MP: 5/5
  1831 | D:4      | Found a staircase to the Ecumenical Temple.
  1844 | Temple   | Entered the Ecumenical Temple
  1894 | Temple   | Became a worshipper of Uskayaw the Reveler
  1894 | Temple   | Reached * piety under Uskayaw
  1954 | D:4      | Reached skill level 7 in Unarmed Combat
  1956 | D:4      | Reached ** piety under Uskayaw
  1960 | D:4      | Reached *** piety under Uskayaw
  2385 | D:4      | Reached skill level 8 in Unarmed Combat
  2607 | D:5      | Entered Level 5 of the Dungeon
  2624 | D:5      | Reached XP level 7. HP: 53/66 MP: 6/6
  2626 | D:5      | Reached **** piety under Uskayaw
  2635 | D:5      | Reached ***** piety under Uskayaw
  2720 | D:5      | Reached skill level 9 in Unarmed Combat
  2852 | D:5      | Found a sparkling altar of Nemelex Xobeh.
  3062 | D:5      | You fall through a shaft!
  3117 | D:6      | Reached XP level 8. HP: 56/74 MP: 7/7
  3257 | D:6      | Reached skill level 5 in Dodging
  3292 | D:6      | Found a shadowy altar of Dithmenos.
  3649 | D:6      | Found a shimmering altar of Xom.
  3649 | D:6      | Found a shimmering altar of Xom.
  4115 | D:7      | Noticed Joseph
  4129 | D:7      | Killed Joseph
  4129 | D:7      | Reached skill level 10 in Unarmed Combat
  4129 | D:7      | Reached XP level 9. HP: 49/80 MP: 8/8
  4475 | D:7      | HP: 4/80 [killer bee (2)]
  4477 | D:7      | Gained mutation: You can translocate small distances at will. [potion of beneficial mutation]
  4487 | D:7      | Reached skill level 11 in Unarmed Combat
  4873 | D:7      | Found a sparkling altar of Nemelex Xobeh.
  5515 | D:8      | Noticed Psyche
  5527 | D:8      | Cast into level 1 of the Abyss (Psyche)
  5585 | Abyss:1  | Got a pitted brass amulet
  5587 | Abyss:1  | Identified the amulet "Qohaacw" {Spirit rN+ Dex+4} (You found it on level 1 of the Abyss)
  5593 | Abyss:1  | Noticed a cacodemon
  5593 | Abyss:1  | Noticed an orange demon
  5600 | Abyss:1  | Killed an orange demon
  5603 | Abyss:1  | Slain by a chaos spawn

Vault maps used:
D:1:      minmay_arrival_jagged, minmay_vboxes
D:2:      grunt_qazlal_sundering
D:3:      evilmike_ruin_ashenzari, ecumenical_altar_1, first_bread,
          minmay_misc_feat_hallway, serial_bayou_pond_e
D:5:      basic_altar, dk_rats_in_the_wall
D:6:      grunt_dithmenos_smoke, xom_redecorated
D:7:      kennysheep_mini_moat, uniq_joseph
D:8:      nicolae_overflow_hidden_temple, uniq_psyche
Temple:   minmay_temple_bridge_abc

Skill      XL: |  1  2  3  4  5  6  7  8  9 |
---------------+----------------------------+-----
Unarmed Combat | 4 6 8 9 10 11 | 11.1
Dodging        | 4 6 |  6.1
Fighting       | 4 |  4.9
Stealth        | |  1.1

Action                   |  1- 3 |  4- 6 |  7- 9 || total
-------------------------+-------+-------+-------++-------
Melee: Unarmed           |   111 |   133 |   262 ||   506
       Punch             |     1 |     4 |    10 ||    15
Invok: Stomp             |       |       |     1 ||     1
 Abil: Blink             |       |       |     1 ||     1
  Use: Scroll            |     6 |     5 |     1 ||    12
       Potion            |       |     1 |     9 ||    10
 Stab: Sleeping          |     3 |     2 |     1 ||     6
       Paralysed         |       |     2 |    16 ||    18
       Distracted        |       |       |     1 ||     1
  Eat: Chunk             |    11 |    13 |    24 ||    48
Armor: Robe              |    32 |    39 |    67 ||   138
Dodge: Dodged            |    57 |    72 |   183 ||   312
